 Dungeon Crawl Stone Soup version 0.24-a0-7-g1bb0902 (webtiles) character file.

Game seed: 5287854841057500061

1530 Lanoc the Chopper (level 8, -1/70 HPs)
             Began as a Demonspawn Chaos Knight on Jan 30, 2019.
             Was a Plaything of Xom.
             Slain by an orc warrior
             ... wielding a +0 broad axe
              (13 damage)
             ... in a bailey.
             The game lasted 00:11:19 (3237 turns).

Lanoc the Chopper (Demonspawn Chaos Knight)         Turns: 3237, Time: 00:11:20

Health: -1/70      AC:  7    Str: 14    XL:     8   Next: 55%
Magic:  8/8        EV: 13    Int: 20    God:    Xom [.....*]
Gold:   153        SH:  0    Dex: 12    Spells: 7/7 levels left

rFire    . . .     SeeInvis .   a - +0 hand axe (chaos)
rCold    + . .     Gourm    .   (no shield)
rNeg     . . .     Faith    .   b - +2 leather armour
rPois    .         Spirit   .   (helmet restricted)
rElec    .         Reflect  .   (no cloak)
rCorr    .         Harm     .   (no gloves)
MR       .....     Clarity  +   (no boots)
Stlth    ++........             f - amulet of regeneration
HPRegen  0.61/turn              n - ring of stealth
MPRegen  0.11/turn              (no ring)

@: brilliant
A: antennae 2, hooves 1, molten scales 1, blink, clarity, cold resistance 1,
mutation resistance 1, robust 1, spiny 1, wild magic 2, MP-powered wands
a: Blink, Renounce Religion


You were in a bailey.
You worshipped Xom.
You were Xom's teddy bear.
You were not hungry.

You visited 1 branch of the dungeon, and saw 5 of its levels.
You also visited: Bailey.

You collected 153 gold pieces.

Inventory:

Hand Weapons
 a - a +0 hand axe of chaos (weapon)
 k - a +5 hunting sling of flaming
Missiles
 l - 20 sling bullets
Armour
 b - a +2 leather armour (worn)
Jewellery
 f - an amulet of regeneration (around neck)
 n - a ring of stealth (left hand)
Scrolls
 d - a scroll of identify
 h - a scroll of immolation {unknown}
 i - 3 scrolls of teleportation
Potions
 e - a potion of might {unknown}
 j - a potion of haste {unknown}
Comestibles
 c - 11 rations
 m - a chunk of flesh


   Skills:
 + Level 5.6 Fighting
 * Level 6.6 Axes
 + Level 4.7 Armour
 + Level 4.4 Dodging


You had 7 spell levels left.
You didn't know any spells.
Your spell library contained the following spells:

 Spells                   Type           Power        Failure   Level  Hunger
 Swiftness                Chrm/Air       ###.....     7%          2    ###....
 Inner Flame              Hex/Fire       ###.....     12%         3    ####...
 Fireball                 Conj/Fire      ###.......   58%         5    ######.
 Deflect Missiles         Chrm/Air       ###.......   96%         6    #######
 Ring of Flames           Chrm/Fire      ###.......   100%        7    #######


Dungeon Overview and Level Annotations

Branches:
Dungeon (7/15)
 Temple: D:4-7

Altars:
Makhleb
Nemelex Xobeh
Okawaru
Trog
Xom
Yredelemnul
Zin


Innate Abilities, Weirdness & Mutations

You have large cloven feet.
You are partially covered in sharp spines.
You have a pair of antennae on your head.
You are partially covered in molten scales. (AC +2)
You can translocate small distances at will.
You possess an exceptional clarity of mind.
Your flesh is cold resistant. (rC+)
You are somewhat resistant to further mutation.
You are robust. (+10% HP)
Your spells are harder to cast, but more powerful.
You expend magic power (3 MP) to strengthen your wands.


Message History

The orc warrior misses you.
You hit the orc warrior but do no damage.
The orc warrior is heavily wounded.
The orc warrior hits you with a +0 broad axe!
You barely miss the orc warrior.
The orc warrior is heavily wounded.
You hit the orc warrior but do no damage.
The orc warrior is heavily wounded.
The orc warrior hits you with a +0 broad axe!!
You hit the orc warrior.
The orc warrior flickers and vanishes!
Deactivating autopickup; reactivate with Ctrl-A.
You kick something. Something hits you.
You miss something. Something hits you!
You hit something. You kick something. You closely miss something.
Something hits you!!
* * * LOW HITPOINT WARNING * * *
It was a potion of brilliance.
You feel clever all of a sudden. Something hits you!
You die...

.(≈≈.......≈≈(('
###≈≈.......≈≈###
.'≈≈.......≈≈(.'
##≈≈.......≈≈###.#
.(≈≈.......≈≈K.'.
##≈≈.......≈≈###.#
.'≈≈.......≈≈(('^#
##≈≈.......≈≈#####
##≈...@...≈##
####'{'####
#.....# #∩[...?∩#
#...8...#
##.....## ###+###


You could see a kobold.

Vanquished Creatures
  Joseph (D:7)
  A jumping spider (shapeshifter) (D:4)
  An orc warrior (D:7)
  2 sky beasts (D:7)
  An ogre (D:7)
  A crocodile (D:7)
  6 killer bees (D:7)
  An iguana (D:3)
  Natasha (D:4)
  A worker ant (D:4)
  13 gnolls
  3 adders
  An ooze (D:1)
  3 worms
  2 leopard geckos
  2 orcs (D:7)
  3 giant cockroaches
  11 goblins
  7 hobgoblins
  5 jackals
  17 kobolds
  A quokka (D:2)
  3 ball pythons (D:3)
  9 bats
  4 frilled lizards
  2 rats
102 creatures vanquished.

Vanquished Creatures (others)
  An orc wizard (D:7)
1 creature vanquished.

Grand Total: 103 creatures vanquished

Notes
Turn   | Place    | Note
-------+----------+-------------------------------------------
     0 | D:1      | Lanoc the Demonspawn Chaos Knight began the quest for the
                  | Orb.
     0 | D:1      | Reached XP level 1. HP: 18/18 MP: 1/1
    43 | D:1      | Reached skill level 1 in Dodging
    98 | D:1      | Gained mutation: You have large cloven feet. [demonic
                  | ancestry]
    98 | D:1      | Reached XP level 2. HP: 19/24 MP: 2/2
   350 | D:1      | XOM: silly message
   541 | D:1      | Reached skill level 3 in Axes
   663 | D:1      | Reached XP level 3. HP: 17/29 MP: 3/3
   679 | D:1      | XOM: give mutations
   679 | D:1      | Gained mutation: Your flesh is cold resistant. (rC+) [Xom's
                  | grace]
   679 | D:1      | Gained mutation: Your spells are a little harder to cast,
                  | but a little more powerful. [Xom's grace]
   791 | D:2      | XOM: smoke on damage
   928 | D:2      | Reached XP level 4. HP: 20/35 MP: 4/4
  1020 | D:1      | XOM: give mutations
  1020 | D:1      | Gained mutation: You are partially covered in molten
                  | scales. (AC +2) [Xom's grace]
  1020 | D:1      | Gained mutation: You are robust. (+10% HP) [Xom's grace]
  1020 | D:1      | Gained mutation: You possess an exceptional clarity of
                  | mind. [Xom's grace]
  1020 | D:1      | Gained mutation: You are somewhat resistant to further
                  | mutation. [Xom's grace]
  1118 | D:1      | XOM: divination: magic mapping
  1198 | D:2      | XOM: enchant monster (bad)
  1509 | D:2      | Reached XP level 5. HP: 41/46 MP: 5/5
  1633 | D:2      | Found an iron altar of Okawaru.
  1719 | D:2      | XOM: give mutation
  1719 | D:2      | Gained mutation: You can translocate small distances at
                  | will. [Xom's grace]
  1795 | D:2      | XOM: give mutations
  1795 | D:2      | Gained mutation: You have a pair of small antennae on your
                  | head. [Xom's grace]
  1795 | D:2      | Gained mutation: You have a pair of antennae on your head.
                  | [Xom's grace]
  1856 | D:3      | Found a glowing silver altar of Zin.
  1988 | D:3      | XOM: confuse monster(s)
  2006 | D:3      | Reached skill level 4 in Axes
  2176 | D:3      | XOM: divination: detect items
  2223 | D:3      | Found a basalt altar of Yredelemnul.
  2226 | D:3      | Found a burning altar of Makhleb.
  2548 | D:4      | Noticed Eustachio
  2551 | D:4      | XOM: enchant monster (good)
  2556 | D:4      | Reached XP level 6. HP: 50/52 MP: 6/6
  2565 | D:4      | Noticed Eustachio
  2565 | D:4      | Eustachio changed into Eustachio the shapeshifter
  2565 | D:4      | Noticed Eustachio
  2565 | D:4      | Eustachio the shapeshifter changed into Eustachio the human
  2568 | D:4      | Noticed Eustachio
  2568 | D:4      | Eustachio the human changed into Eustachio the wyvern
  2573 | D:4      | XOM: potion effect (haste)
  2575 | D:4      | XOM: summons 2 friendly demons
  2581 | D:4      | XOM: butterfly on damage
  2582 | D:4      | Noticed Eustachio
  2582 | D:4      | Eustachio the wyvern changed into Eustachio the
                  | shapeshifter
  2582 | D:4      | XOM: polymorph Eustachio the wyvern -> Eustachio the
                  | shapeshifter
  2582 | D:4      | Noticed Eustachio
  2582 | D:4      | Eustachio the shapeshifter changed into Eustachio the
                  | cyclops
  2583 | D:4      | XOM: potion effect (haste)
  2647 | D:3      | XOM: scenery: create altars
  2672 | D:3      | Identified Xom's Grimoire of Oenomania (Xom gifted it to
                  | you on level 3 of the Dungeon)
  2672 | D:3      | XOM: god gift: Xom's Grimoire of Oenomania
  2684 | D:4      | Noticed Natasha
  2803 | D:4      | Noticed Eustachio
  2803 | D:4      | Eustachio the cyclops changed into Eustachio the jumping
                  | spider
  2806 | D:4      | XOM: 4-stop teleportation journey
  2813 | D:4      | Found a sparkling altar of Nemelex Xobeh.
  2817 | D:4      | Killed Eustachio the jumping spider
  2827 | D:4      | Killed Natasha
  2849 | D:4      | Gained mutation: You are partially covered in sharp spines.
                  | [demonic ancestry]
  2849 | D:4      | Reached XP level 7. HP: 47/60 MP: 7/7
  2868 | D:4      | You fall through a shaft for 3 floors!
  2875 | D:7      | Reached skill level 5 in Axes
  2888 | D:7      | Reached skill level 5 in Fighting
  2928 | D:7      | Noticed Joseph
  2942 | D:7      | HP: 2/61 [Joseph/+0 quarterstaff (9)]
  2946 | D:7      | Killed Joseph
  2946 | D:7      | Reached skill level 6 in Axes
  2946 | D:7      | Reached XP level 8. HP: 19/68 MP: 8/8
  3066 | D:7      | Found a bloodstained altar of Trog.
  3067 | D:7      | XOM: destruction
  3073 | D:7      | Found a flagged portal.
  3113 | D:7      | XOM: give mutations
  3113 | D:7      | Gained mutation: You expend magic power (3 MP) to
                  | strengthen your wands. [Xom's grace]
  3113 | D:7      | Gained mutation: Your spells are harder to cast, but more
                  | powerful. [Xom's grace]
  3118 | Bailey   | Entered a bailey
  3237 | Bailey   | Slain by an orc warrior

Vault maps used:
D:1:      tarquinn_simple_flora_water_a, minmay_door_square, minivault_26,
          grunt_decor_arrowhead, kennysheep_decorative_pillar,
          minmay_fountain_box
D:2:      nicolae_overflow_hidden_temple, chequers_serial_rivers_small_a,
          minmay_misc_feat_cross, st_stairs_9
D:3:      zin_academy, minitemple, serial_glass, glass_columns_a,
          glass_columns_c, first_ration
D:4:      minmay_temple_entry_wispy, nemelex_diamond_rough_becter,
          uniq_eustachio, uniq_natasha, uniq_crazy_yiuf_cottage, uniq_pikel
D:7:      cheibrodos_grave_circle, overflow_temple_1_default,
          kennysheep_mini_moat, enter_bailey_1, uniq_menkaure, uniq_joseph
Bailey:   bailey_axe_3, bailey

Skill      XL: |  1  2  3  4  5  6  7 |
---------------+----------------------+-----
Dodging        | 1 2 3 4 |  4.4
Armour         | 2 3 4 |  4.7
Axes           | 3 4 6 |  6.6
Fighting       | 4 5 |  5.6

Action                   |  1- 3 |  4- 6 |  7- 9 || total
-------------------------+-------+-------+-------++-------
Melee: Hand axe          |    59 |   170 |    58 ||   287
       Kick              |     7 |    47 |    17 ||    71
Throw: Tomahawk          |       |       |    23 ||    23
  Use: Scroll            |       |       |     5 ||     5
       Potion            |       |       |     4 ||     4
 Stab: Paralysed         |     1 |     1 |       ||     2
       Sleeping          |       |     2 |       ||     2
       Petrifying        |       |     1 |       ||     1
       Petrified         |       |     1 |       ||     1
  Eat: Chunk             |       |     6 |     2 ||     8
Armor: Leather armour    |    27 |    65 |    26 ||   118
Dodge: Dodged            |    38 |   126 |    96 ||   260

Table legend:
 A = Non-vault XP
 B = Vault XP
 C = Vault XP percentage of total XP
 D = Non-vault monster count
 E = Vault monster count
 F = Vault count percentage of total count
                 A         B        C        D         E       F
            +---------+---------+-------+---------+---------+-------
      Total |    1397 |     790 |  36.1 |      88 |      14 |  13.7
            +---------+---------+-------+---------+---------+-------
        D:1 |      85 |       0 |   0.0 |      23 |       0 |   0.0
        D:2 |     119 |       4 |   3.3 |      24 |       2 |   7.7
        D:3 |     137 |       0 |   0.0 |      24 |       0 |   0.0
        D:4 |      68 |     330 |  82.9 |       4 |       2 |  33.3
        D:7 |     988 |     445 |  31.1 |      13 |       1 |   7.1
     Bailey |       0 |      11 | 100.0 |       0 |       9 | 100.0
            +---------+---------+-------+---------+---------+-------
